EL
SAN JOSE GIANTS @ MISSISSIPPI BRAVES
07/27/2048
 
TOP OF THE 1ST
San Jose Giants batting - Pitching for Mississippi Braves : RHP Ryan DeMille
Pitching: RHP Ryan DeMille
Batting: RHB Cesar Martinez 0-0: Called Strike
0-1: Ball
1-1: Fly out, F8 (Flyball, 8RS, EV 90.6 MPH)
Batting: LHB Mike Roberts 0-0: Called Strike
0-1: Swinging Strike
0-2: Strikes out swinging
Batting: RHB Troy Trice 0-0: Called Strike
0-1: Called Strike
0-2: SINGLE (Flyball, 3D, EV 92.5 MPH)
Batting: RHB Edwin Verdugo 0-0: SINGLE (Flyball, 34D, EV 91.2 MPH)
Troy Trice to second
Runner from 2nd tries for 3rd, OUT! 9-5
Top of the 1st over - 0 runs, 2 hits, 0 errors, 1 left on base; San Jose 0 - Mississippi 0
BOTTOM OF THE 1ST
Mississippi Braves batting - Pitching for San Jose Giants : RHP Mike Flynn
Pitching: RHP Mike Flynn
Batting: RHB Zheng-ze King 0-0: Ball
1-0: Ball
2-0: Swinging Strike
2-1: Ball
3-1: Fly out, F6 (Popup, 6MS, EV 58.8 MPH)
Batting: LHB Cesar Arteaga 0-0: Reached on error, E5 (Line Drive, 5L, EV 67.5 MPH)
Batting: LHB Art D'Ascenzo 0-0: Ball
1-0: Called Strike
1-1: Called Strike
1-2: Foul Ball, location: 2F
1-2: Ball
2-2: Ground out 4-3 (Groundball, 34D, EV 101.2 MPH)
Cesar Arteaga to second
Batting: RHB Yojiro Hayashi 0-0: Ball
1-0: Foul Ball, location: 2F
1-1: Ball
2-1: Swinging Strike
2-2: Ball
3-2: Fly out, F7 (Flyball, 7LS, EV 81.9 MPH)
Bottom of the 1st over - 0 runs, 0 hits, 1 error, 1 left on base; San Jose 0 - Mississippi 0
TOP OF THE 2ND
San Jose Giants batting - Pitching for Mississippi Braves : RHP Ryan DeMille
Batting: RHB Zach Maguire 0-0: Ball
1-0: Ball
2-0: Ground out U3 (Groundball, 3, EV 85.6 MPH)
Batting: RHB Coen Dirks 0-0: Foul Ball, location: 2F
0-1: Fly out, F9 (Flyball, 9S, EV 83.8 MPH)
Batting: LHB Gil Caraveo 0-0: Ball
1-0: Called Strike
1-1: Foul Ball, location: 2F
1-2: Ground out 4-3 (Groundball, 4, EV 85.0 MPH)
Top of the 2nd over - 0 runs, 0 hits, 0 errors, 0 left on base; San Jose 0 - Mississippi 0
BOTTOM OF THE 2ND
Mississippi Braves batting - Pitching for San Jose Giants : RHP Mike Flynn
Batting: LHB Sal Fernandez 0-0: Ball
1-0: Ball
2-0: Ball
3-0: Called Strike
3-1: Called Strike
3-2: Fly out, F7 (Line Drive, 78M, EV 95.6 MPH)
Batting: RHB Hieronim Rutkowski 0-0: Swinging Strike
0-1: Ball
1-1: Swinging Strike
1-2: Ground out 6-3 (Groundball, 6S, EV 91.2 MPH)
Batting: LHB Luis Cruz 0-0: Ball
1-0: Ball
2-0: Foul Ball, location: 2F
2-1: Swinging Strike
2-2: Foul Ball, location: 2F
2-2: Strikes out swinging
Bottom of the 2nd over - 0 runs, 0 hits, 0 errors, 0 left on base; San Jose 0 - Mississippi 0
TOP OF THE 3RD
San Jose Giants batting - Pitching for Mississippi Braves : RHP Ryan DeMille
Batting: RHB Gary Sampson 0-0: Foul Ball, location: 2F
0-1: Ball
1-1: Ground out U3 (Groundball, 34, EV 93.8 MPH)
Batting: RHB Ruben Irizarry 0-0: Called Strike
0-1: Ball
1-1: Swinging Strike
1-2: Ball
2-2: Strikes out swinging
Batting: RHB Cesar Martinez 0-0: Ball
1-0: Ball
2-0: Called Strike
2-1: Ground out 5-3 (Groundball, 56, EV 83.1 MPH)
Top of the 3rd over - 0 runs, 0 hits, 0 errors, 0 left on base; San Jose 0 - Mississippi 0
BOTTOM OF THE 3RD
Mississippi Braves batting - Pitching for San Jose Giants : RHP Mike Flynn
Batting: RHB Jordan Martin 0-0: Ball
1-0: Ball
2-0: Ball
3-0: Base on Balls
Batting: RHB Adrian Billups 0-0: Foul Ball, location: 2F
0-1: Grounds into double play, 6-4-3 (Groundball, 6S, EV 93.8 MPH)
Batting: RHB Zheng-ze King 0-0: Ball
1-0: Ball
2-0: Ground out 4-3 (Groundball, 4, EV 79.4 MPH)
Bottom of the 3rd over - 0 runs, 0 hits, 0 errors, 0 left on base; San Jose 0 - Mississippi 0
TOP OF THE 4TH
San Jose Giants batting - Pitching for Mississippi Braves : RHP Ryan DeMille
Batting: LHB Mike Roberts 0-0: Called Strike
0-1: Called Strike
0-2: Foul Ball, location: 2F
0-2: Ball
1-2: Ground out 1-3 (Groundball, P, EV 73.8 MPH)
Batting: RHB Troy Trice 0-0: Called Strike
0-1: Ball
1-1: Ball
2-1: Fly out, F8 (Flyball, 8LXD, EV 102.5 MPH)
Batting: RHB Edwin Verdugo 0-0: Called Strike
0-1: Ball
1-1: Foul Ball, location: 2F
1-2: Strikes out swinging
Top of the 4th over - 0 runs, 0 hits, 0 errors, 0 left on base; San Jose 0 - Mississippi 0
BOTTOM OF THE 4TH
Mississippi Braves batting - Pitching for San Jose Giants : RHP Mike Flynn
Batting: LHB Cesar Arteaga 0-0: Called Strike
0-1: Foul Ball, location: 2F
0-2: Ground out 4-3 (Groundball, 4, EV 88.8 MPH)
Batting: LHB Art D'Ascenzo 0-0: Foul Ball, location: 2F
0-1: Called Strike
0-2: Ball
1-2: Foul Ball, location: 2F
1-2: SINGLE (Flyball, 56D, EV 86.2 MPH)
Batting: RHB Yojiro Hayashi 0-0: Ball
1-0: Foul Ball, location: 2F
1-1: Foul Ball, location: 2F
1-2: Ball
2-2: Ball
3-2: Foul Ball, location: 2F
3-2: Base on Balls
Art D'Ascenzo to second
Batting: LHB Sal Fernandez 0-0: Called Strike
0-1: Ball
1-1: Ball
2-1: Ball
3-1: Fielders Choice at 2nd, 3-6 (Groundball, 34S, EV 91.2 MPH)
Art D'Ascenzo to third
Batting: RHB Hieronim Rutkowski 0-0: Ball
1-0: Ball
2-0: Foul Ball, location: 2F
2-1: Ball
3-1: Ground out 6-3 (Groundball, 6S, EV 83.8 MPH)
Bottom of the 4th over - 0 runs, 1 hit, 0 errors, 2 left on base; San Jose 0 - Mississippi 0
TOP OF THE 5TH
San Jose Giants batting - Pitching for Mississippi Braves : RHP Ryan DeMille
Batting: RHB Zach Maguire 0-0: Called Strike
0-1: SINGLE (Groundball, 34D, EV 106.2 MPH)
Batting: RHB Coen Dirks 0-0: Ball
1-0: Called Strike
1-1: Fielders Choice at 2nd, 6-4 (Groundball, 6, EV 91.2 MPH)
Batting: LHB Gil Caraveo 0-0: Called Strike
Coen Dirks steals 2nd base
0-1: Ball
1-1: Ball
2-1: Ball
3-1: SINGLE (Groundball, 34S, EV 66.9 MPH) (infield hit)
Coen Dirks to third
Batting: RHB Gary Sampson 0-0: Called Strike
0-1: Ball
1-1: Called Strike
1-2: Fly out, F7 (Flyball, 78D, EV 91.2 MPH)
Runner from 3rd tags up, SCORES, throw by LF
Batting: RHB Ruben Irizarry 0-0: Fly out, F8 (Flyball, 8LD, EV 99.4 MPH)
Top of the 5th over - 1 run, 2 hits, 0 errors, 1 left on base; San Jose 1 - Mississippi 0
BOTTOM OF THE 5TH
Mississippi Braves batting - Pitching for San Jose Giants : RHP Mike Flynn
Batting: LHB Luis Cruz 0-0: Ball
1-0: Ball
2-0: Swinging Strike
2-1: Foul Ball, location: 2F
2-2: Ball
3-2: Base on Balls
Pitching: LHP Christian Rogers
Batting: RHB Jordan Martin 0-0: Ball
1-0: Called Strike
1-1: Ball
2-1: Ball
3-1: Called Strike
3-2: Base on Balls
Luis Cruz to second
Batting: RHB Adrian Billups 0-0: Ball
1-0: Called Strike
1-1: Foul Ball, location: 2F
1-2: Grounds into double play, 4-6-3 (Groundball, 4, EV 83.8 MPH)
Luis Cruz to third
Batting: RHB Zheng-ze King 0-0: Ball
1-0: Ball
2-0: Ball
3-0: Called Strike
3-1: Reached via error on a dropped throw from 3B, E3 (Groundball, 56, EV 106.2 MPH)
Luis Cruz scores
Batting: LHB Cesar Arteaga 0-0: Ball
1-0: Called Strike
1-1: Called Strike
1-2: Ball
2-2: Ball
Zheng-ze King steals 2nd base
3-2: SINGLE (Line Drive, 7S, EV 111.9 MPH)
Zheng-ze King to third
Throwing error, E7
Zheng-ze King scores
Cesar Arteaga to second
Batting: LHB Art D'Ascenzo 0-0: Ball
1-0: Ball
2-0: Foul Ball, location: 2F
2-1: Ball
3-1: Foul Ball, location: 2F
3-2: Base on Balls
Batting: RHB Yojiro Hayashi 0-0: Foul Ball, location: 2F
0-1: Ball
1-1: Ball
2-1: Foul Ball, location: 2F
2-2: Ball
3-2: Base on Balls
Cesar Arteaga to third
Art D'Ascenzo to second
Batting: LHB Sal Fernandez 0-0: Called Strike
0-1: Swinging Strike
0-2: Ball
1-2: Strikes out swinging
Bottom of the 5th over - 2 runs, 1 hit, 2 errors, 3 left on base; San Jose 1 - Mississippi 2
TOP OF THE 6TH
San Jose Giants batting - Pitching for Mississippi Braves : RHP Ryan DeMille
Batting: RHB Cesar Martinez 0-0: Fly out, F8 (Flyball, 8RM, EV 91.2 MPH)
Batting: LHB Mike Roberts 0-0: Called Strike
0-1: Ball
1-1: Ball
2-1: Foul Ball, location: 2F
2-2: Strikes out swinging
Batting: RHB Troy Trice 0-0: Fly out, F8 (Flyball, 8LM, EV 86.2 MPH)
Top of the 6th over - 0 runs, 0 hits, 0 errors, 0 left on base; San Jose 1 - Mississippi 2
BOTTOM OF THE 6TH
Mississippi Braves batting - Pitching for San Jose Giants : LHP Christian Rogers
Batting: RHB Hieronim Rutkowski 0-0: Ball
1-0: Ball
2-0: Called Strike
2-1: Foul Ball, location: 2F
2-2: Fly out, F7 (Line Drive, 7, EV 88.8 MPH)
Pitching: RHP Kyle Rindels
Batting: LHB Luis Cruz 0-0: Foul Ball, location: 2F
0-1: Called Strike
0-2: Ground out 5-3 (Groundball, 5L, EV 103.8 MPH)
Batting: RHB Jordan Martin 0-0: Ball
1-0: Ball
2-0: Called Strike
2-1: Called Strike
2-2: Ground out 6-3 (Groundball, 6, EV 87.5 MPH)
Bottom of the 6th over - 0 runs, 0 hits, 0 errors, 0 left on base; San Jose 1 - Mississippi 2
TOP OF THE 7TH
San Jose Giants batting - Pitching for Mississippi Braves : RHP Ryan DeMille
Batting: RHB Edwin Verdugo 0-0: Called Strike
0-1: Foul Ball, location: 7LSF, Error on foul ball, E7
0-2: Ball
1-2: Strikes out swinging
Batting: RHB Zach Maguire 0-0: Called Strike
0-1: Foul Ball, location: 2F
0-2: Ground out 6-3 (Groundball, 6, EV 98.1 MPH)
Batting: RHB Coen Dirks 0-0: Called Strike
0-1: Foul Ball, location: 2F
0-2: Ball
1-2: Ball
2-2: Strikes out swinging
Top of the 7th over - 0 runs, 0 hits, 1 error, 0 left on base; San Jose 1 - Mississippi 2
BOTTOM OF THE 7TH
Mississippi Braves batting - Pitching for San Jose Giants : RHP Kyle Rindels
Batting: RHB Adrian Billups 0-0: Swinging Strike
0-1: Foul Ball, location: 2F
0-2: Foul Ball, location: 2F
0-2: Foul Ball, location: 2F
0-2: Strikes out swinging
Batting: RHB Zheng-ze King 0-0: Ball
1-0: Foul Ball, location: 2F
1-1: Called Strike
1-2: Strikes out swinging
Batting: LHB Cesar Arteaga 0-0: Foul Ball, location: 2F
0-1: Called Strike
0-2: Ball
1-2: Ball
2-2: Ball
3-2: Foul Ball, location: 2F
3-2: Fly out, F8 (Flyball, 8LD, EV 92.5 MPH)
Bottom of the 7th over - 0 runs, 0 hits, 0 errors, 0 left on base; San Jose 1 - Mississippi 2
TOP OF THE 8TH
San Jose Giants batting - Pitching for Mississippi Braves : RHP Ryan DeMille
Batting: LHB Gil Caraveo 0-0: Swinging Strike
0-1: Foul Ball, location: 2F
0-2: Strikes out looking
Pinch Hitting: LHB Steve Nevis 0-0: Called Strike
0-1: Ball
1-1: Ball
2-1: Swinging Strike
2-2: Strikes out swinging
Batting: RHB Ruben Irizarry 0-0: SINGLE (Line Drive, 89S, EV 94.4 MPH)
Batting: RHB Cesar Martinez 0-0: Ball
1-0: Swinging Strike
1-1: SINGLE (Line Drive, 3D, EV 98.8 MPH)
Ruben Irizarry to second
Runner from 2nd tries for 3rd, SAFE, throw by RF made to third
Batting: LHB Mike Roberts 0-0: Ball
1-0: Called Strike
1-1: Ball
2-1: SINGLE (Line Drive, 6M, EV 94.4 MPH)
Ruben Irizarry scores
Cesar Martinez to second
Pitching: RHP Damian Molina
Batting: RHB Troy Trice 0-0: Ball
1-0: Ball
2-0: Ball
3-0: Called Strike
3-1: Base on Balls
Cesar Martinez to third
Mike Roberts to second
Batting: RHB Edwin Verdugo 0-0: Ball
1-0: Ball
2-0: Ball
3-0: Base on Balls
Cesar Martinez scores
Mike Roberts to third
Troy Trice to second
Batting: RHB Zach Maguire 0-0: Swinging Strike
0-1: Called Strike
0-2: DOUBLE (Groundball, 5L, EV 108.1 MPH)
Mike Roberts scores
Troy Trice scores
Edwin Verdugo to third
Runner from 3rd tries for Home, SAFE, throw by LF to home
Batting: RHB Coen Dirks 0-0: Called Strike
0-1: Swinging Strike
0-2: Ball
1-2: Ball
2-2: Ground out 4-3 (Groundball, 4, EV 84.4 MPH)
Top of the 8th over - 5 runs, 4 hits, 0 errors, 1 left on base; San Jose 6 - Mississippi 2
BOTTOM OF THE 8TH
Mississippi Braves batting - Pitching for San Jose Giants : RHP Kyle Rindels
Pitching: RHP Nick McDade
Now at 3B: Teruhide Horiuchi
Now in LF: Steve Nevis
Batting: LHB Art D'Ascenzo 0-0: Called Strike
0-1: Swinging Strike
0-2: Foul Ball, location: 2F
0-2: Ground out 1-3 (Groundball, P, EV 70.0 MPH)
Batting: RHB Yojiro Hayashi 0-0: Called Strike
0-1: Foul Ball, location: 2F
0-2: Ball
1-2: Ball
2-2: Foul Ball, location: 2F
2-2: Ball
3-2: Base on Balls
Batting: LHB Sal Fernandez 0-0: Ball
1-0: Ball
2-0: Foul Ball, location: 2F
2-1: Foul Ball, location: 2F
2-2: Ball
3-2: Strikes out looking
Batting: RHB Hieronim Rutkowski 0-0: Ball
1-0: Called Strike
1-1: Ball
2-1: Foul Ball, location: 2F
2-2: SINGLE (Groundball, 56D, EV 96.2 MPH)
Yojiro Hayashi to second
Batting: LHB Luis Cruz 0-0: Ball
1-0: Swinging Strike
1-1: Swinging Strike
1-2: Ball
2-2: Foul Ball, location: 2F
2-2: Fly out, F8 (Line Drive, 8LD, EV 90.6 MPH)
Bottom of the 8th over - 0 runs, 1 hit, 0 errors, 2 left on base; San Jose 6 - Mississippi 2
TOP OF THE 9TH
San Jose Giants batting - Pitching for Mississippi Braves : RHP Damian Molina
Pitching: RHP Carlos Esquivel
Batting: LHB Gil Caraveo 0-0: Ball
1-0: DOUBLE (Line Drive, 7LS, EV 105.6 MPH)
Batting: LHB Steve Nevis 0-0: Intentional Walk
Batting: RHB Ruben Irizarry 0-0: Called Strike
0-1: Ball
1-1: Called Strike
1-2: Ball
2-2: Strikes out swinging
Batting: RHB Cesar Martinez 0-0: Called Strike
0-1: Foul Ball, location: 2F
0-2: Foul Ball, location: 2F
0-2: Fly out, F8 (Line Drive, 8RD, EV 105.6 MPH)
Batting: LHB Mike Roberts 0-0: Ball
1-0: Foul Ball, location: 2F
1-1: Called Strike
1-2: Ball
2-2: Strikes out looking
Top of the 9th over - 0 runs, 1 hit, 0 errors, 2 left on base; San Jose 6 - Mississippi 2
BOTTOM OF THE 9TH
Mississippi Braves batting - Pitching for San Jose Giants : RHP Nick McDade
Pitching: RHP Sam Drews
Batting: RHB Jordan Martin 0-0: Ball
1-0: Called Strike
1-1: SINGLE (Groundball, 56D, EV 106.9 MPH)
Pinch Hitting: SHB Jose Melendez 0-0: Ball
1-0: Grounds into double play, 4-6-3 (Groundball, 4, EV 101.9 MPH)
Batting: RHB Zheng-ze King 0-0: Swinging Strike
0-1: Ball
1-1: Ball
2-1: Swinging Strike
2-2: Ball
3-2: Base on Balls
Batting: LHB Cesar Arteaga 0-0: Foul Ball, location: 2F
0-1: Ball
1-1: SINGLE (Groundball, 34D, EV 108.1 MPH)
Zheng-ze King to second
Pitching: RHP Harry Dickson
Batting: LHB Art D'Ascenzo 0-0: Foul Ball, location: 2F
0-1: Ball
1-1: Called Strike
1-2: Ball
2-2: Ground out 4-3 (Groundball, 4D, EV 88.8 MPH)
Bottom of the 9th over - 0 runs, 2 hits, 0 errors, 2 left on base; San Jose 6 - Mississippi 2
Tuesday, March 28th , 2023 - OOTP Baseball 23.10 Build 110